AoeStats
← areozi

Black Forest

510148434Analyzed
2v2 RM · 4d ago on Sep 29, 2026· 152m 37s· 4 players
Game mode
Random Map
Map size
Medium (4 player)
Population
200
Speed
Normal
Resources
Standard
Victory
Conquest
Starting age
Dark Age
Ending age
Imperial Age
RankedLock teamsTeams togetherTeam positionsShared explorationLock speedFull tech treeHidden civsTurbo modeCheats
Victory
Defeat
🇫🇷 Khitans · France
856
+13
🇫🇷 Mongols · France
844
+14
🇫🇷 Spanish · France
886
-17
🇫🇷 Mongols · France
715
-10
Ujio.AF
0:50 Loom
12:55 Feudal Age
18:03 Castle Age
16:39 Double-Bit Axe
19:26 Wheelbarrow
20:39 Hand Cart
25:11 Bow Saw
25:41 Horse Collar
26:54 Stone Mining
27:40 Heavy Plow
28:23 Stone Shaft Mining
27:43 Gold Mining
33:34 Imperial Age
32:17 Ballistics
32:09 Fortified Wall
31:54 Murder Holes
33:28 Gold Shaft Mining
33:35 Fletching
33:46 Padded Archer Armor
34:43 Town Watch
36:01 Chemistry
35:06 Siege Engineers
34:35 Onager
35:35 Caravan
36:05 Bloodlines
35:56 Husbandry
36:18 Bodkin Arrow
36:39 Leather Archer Armor
37:18 Conscription
36:31 Elite Mangudai
37:01 Light Cavalry
37:49 Bracer
38:08 Nomads
38:30 Drill
38:38 Siege Onager
40:11 Hoardings
39:57 Forging
39:53 Scale Barding Armor
39:35 Hussar
40:20 Town Patrol
40:26 Devotion
43:26 Masonry
44:10 Iron Casting
43:56 Chain Barding Armor
45:25 Parthian Tactics
45:05 Thumb Ring
66:27 Scale Mail Armor
67:27 Blast Furnace
69:06 Pikeman
69:31 Arson
69:47 Squires
70:05 Chain Mail Armor
73:14 Plate Mail Armor
Skaikru Raven
0:27 Loom
13:05 Feudal Age
18:21 Castle Age
16:18 Double-Bit Axe
16:21 Domestication
18:08 Wheelbarrow
19:35 Bow Saw
19:31 Pastoralism
19:45 Stone Mining
20:57 Gold Mining
22:25 Caravan
27:58 Hand Cart
30:09 Fortified Wall
33:50 Imperial Age
33:25 Stone Shaft Mining
33:04 Lamellar Armor
33:15 Treadmill Crane
34:00 Elite Liao Dao
35:10 Conscription
36:13 Transhumance
36:45 Two-Man Saw
36:16 Elite Fire Lancer
36:17 Pikeman
36:58 Squires
36:43 Arson
37:08 Ordo Cavalry
38:37 Light Cavalry
39:18 Husbandry
39:24 Scale Mail Armor
39:29 Scale Barding Armor
39:35 Forging
39:15 Fletching
39:26 Padded Archer Armor
39:56 Hussar
42:25 Heavy Camel Rider
43:49 Iron Casting
43:29 Chain Mail Armor
43:35 Chain Barding Armor
43:30 Leather Archer Armor
43:11 Bodkin Arrow
42:42 Elite Skirmisher
44:21 Thumb Ring
45:55 Plate Mail Armor
51:06 Plate Barding Armor
51:02 Ring Archer Armor
50:32 Bracer
91:38 Ballistics
91:27 Siege Engineers
92:26 Chemistry
D-Xbeck
0:27 Loom
13:07 Feudal Age
13:46 Double-Bit Axe
14:09 Horse Collar
15:51 Wheelbarrow
19:05 Stone Mining
19:09 Gold Mining
22:29 Castle Age
23:34 Fletching
23:45 Padded Archer Armor
23:55 Husbandry
24:06 Bloodlines
25:35 Bow Saw
25:30 Heavy Plow
26:29 Caravan
27:39 Fortified Wall
27:27 Murder Holes
29:36 Stone Shaft Mining
30:07 Bodkin Arrow
30:28 Leather Archer Armor
30:39 Ballistics
30:28 Thumb Ring
31:28 Masonry
36:29 Imperial Age
35:32 Gold Shaft Mining
36:36 Elite Mangudai
37:37 Nomads
38:03 Conscription
38:19 Parthian Tactics
38:58 Light Cavalry
41:16 Forging
41:12 Scale Barding Armor
41:08 Bracer
41:50 Hoardings
43:48 Drill
42:52 Capped Ram
42:57 Hussar
44:34 Iron Casting
46:52 Chemistry
47:37 Siege Engineers
46:58 Elite Skirmisher
47:06 Pikeman
47:47 Squires
47:33 Arson
48:08 Siege Ram
62:55 Heavy Cavalry Archer
77:19 Onager
78:58 Siege Onager
areozi
0:27 Loom
15:06 Feudal Age
16:33 Double-Bit Axe
23:11 Castle Age
22:46 Fletching
22:57 Padded Archer Armor
23:03 Scale Barding Armor
23:54 Caravan
26:05 Fortified Wall
27:07 Horse Collar
28:48 Ballistics
32:57 Bodkin Arrow
35:50 Imperial Age
36:28 Leather Archer Armor
36:15 Murder Holes
38:57 Chemistry
38:37 Bow Saw
39:05 Wheelbarrow
38:19 Town Watch
39:18 Conscription
40:16 Heavy Plow
40:21 Bracer
45:07 Gold Mining
45:56 Guilds
47:10 Bloodlines
47:01 Husbandry
46:25 Light Cavalry
47:48 Town Patrol
48:07 Hand Cart
61:16 Hussar
80:34 Pikeman
81:40 Squires
81:03 Halberdier
81:10 Onager
83:12 Inquisition
88:44 Onager
110:43 Forging
110:34 Scale Mail Armor
110:54 Chain Barding Armor
111:05 Ring Archer Armor
110:13 Elite Conquistador
114:20 Capped Ram
121:35 Iron Casting
121:15 Chain Mail Armor
121:36 Plate Barding Armor
140:36 Blast Furnace
140:07 Plate Mail Armor
149:41 Two-Man Saw
149:56 Arrowslits
150:31 Bombard Tower
150:02 Guard Tower
149:48 Spies/Treason
Connection lost

Rejoining the realm…

Still unreachable

The connection could not be restored.

Session expired

The server has moved on; the page needs a fresh start.